 Dungeon Crawl Stone Soup version 0.29-a0-214-g17f627cfee (webtiles) character file.

Game seed: 3613667825187895210

5472 spaghetti the Fighter (level 10, -2/74 (97) HPs)
             Began as a Demonspawn Summoner on Feb 24, 2022.
             Was an Elder of Wu Jian.
             Slain by a spectral orc knight
             ... wielding a +0 war axe
             ... summoned by Nergalle
              (8 damage)
             ... on level 10 of the Dungeon.
             The game lasted 00:19:58 (9919 turns).

spaghetti the Fighter (Demonspawn Summoner)         Turns: 9919, Time: 00:19:58

HP:   -2/74 (97)    AC:  5    Str:  9    XL:     10   Next: 42%
MP:   13/13         EV: 12    Int: 32    God:    Wu Jian [****..]
Gold: 426           SH:  4    Dex: 14    Spells: 7/13 levels left

rFire   . . .      SeeInvis .   h - +4 whip (elec) {mace}
rCold   . . .      Faith    .   (no shield)
rNeg    . . .      Spirit   .   B - +0 steam dragon scales
rPois   .          Reflect  .   (no helmet)
rElec   .          Harm     .   (no cloak)
rCorr   .          Rampage  .   (no gloves)
Will    .....                   (no boots)
Stlth   ++........              A - amulet of regeneration {@e2}
HPRegen 1.02/turn               e - +6 ring of intelligence
MPRegen 0.13/turn               r - +6 ring of intelligence

@: mighty, studying Staves, heavily drained, serpent's lash
A: claws 2, large bone plates 1, demonic guardian 1, powered by pain 1, robust
1, wild magic 1
a: Renounce Religion, Wall Jump, Serpent's Lash


You were on level 10 of the Dungeon.
You worshipped Wu Jian.
Wu Jian was greatly pleased with you.
You visited 1 branch of the dungeon, and saw 9 of its levels.

You collected 426 gold pieces.


Innate Abilities, Weirdness & Mutations

You have very sharp fingernails.
You are partially covered in large bone plates. (SH +4)
A weak demonic guardian rushes to your aid.
You sometimes gain a little power by taking damage.
You are robust. (+10% HP)
Your spells are a little harder to cast, but a little more powerful.


   Skills:
 + Level 11.7 Fighting
 - Level 0.6 Maces & Flails
 - Level 1.7 Dodging
 - Level 1.7 Stealth
 - Level 2.0 Spellcasting
 + Level 10.9 Summonings


You had 7 spell levels left.
You knew the following spells:

 Your Spells              Type           Power      Damage    Failure   Level
a - Summon Small Mammal   Summ           100%       N/A       1%          1
b - Call Imp              Summ           77%        N/A       1%          2
c - Call Canine Familiar  Summ           77%        N/A       1%          3

Your spell library contained the following spells:

 Spells                   Type           Power      Damage    Failure   Level
 Summon Guardian Golem    Hex/Summ       49%        N/A       4%          3
 Animate Skeleton         Necr           8%         N/A       11%         1
 Foxfire                  Conj/Fire      16%        2x1d4     11%         1
 Pain                     Necr           16%        1d4       11%         1
 Summon Lightning Spire   Summ/Air       49%        N/A       12%         4
 Conjure Flame            Conj/Fire      4%         6-21      28%         3
 Gell's Gravitas          Tloc           4%         N/A       28%         3
 Inner Flame              Hex/Fire       4%         N/A       28%         3
 Lesser Beckoning         Tloc           4%         N/A       28%         3
 Teleport Other           Tloc           4%         N/A       28%         3
 Vampiric Draining        Necr           4%         2d6       28%         3
 Flame Wave               Conj/Fire      4%         2d5       65%         4

Inventory:

Hand Weapons
 b - a +0 vorpal short sword {short}
   (You found it on level 1 of the Dungeon)
 h - a +4 whip of electrocution (weapon) {mace}
   (You took it off a kobold on level 2 of the Dungeon)
Missiles
 c - 296 stones {throwing}
 i - 10 javelins {throwing}
 n - 21 poisoned darts {throwing}
 s - 2 boomerangs {throwing}
 t - 3 silver boomerangs {throwing}
 y - 2 curare-tipped darts {=fthrowing}
 D - 6 datura-tipped darts {throwing}
Armour
 a - a +1 robe
 B - +0 steam dragon scales (worn)
   (You found it on level 9 of the Dungeon)
Jewellery
 d - a ring of protection from cold
   (You found it on level 1 of the Dungeon)
 e - a +6 ring of intelligence (left claw)
   (You found it on level 1 of the Dungeon)
 k - a ring of protection from cold
   (You found it on level 1 of the Dungeon)
 r - a +6 ring of intelligence (right claw)
   (You found it on level 3 of the Dungeon)
 u - a ring of poison resistance
   (You found it on level 4 of the Dungeon)
 A - an amulet of regeneration (around neck) {@e2}
   (You took it off an orc on level 6 of the Dungeon)
 G - a ring of wizardry
   (You found it on level 10 of the Dungeon)
Wands
 g - a wand of flame (54)
   (You found it on level 5 of the Dungeon)
 v - a wand of acid (6)
   (You found it on level 5 of the Dungeon)
 F - a wand of iceblast (6)
   (You found it on level 9 of the Dungeon)
Scrolls
 j - a scroll of fog
 m - 2 scrolls of vulnerability {!r!r}
 w - 2 scrolls of magic mapping {!r}
 x - a scroll of teleportation {@r4}
 C - a scroll of identify {@r1}
Potions
 f - 2 potions of mutation {!q}
 l - 3 potions of flight
 o - 5 potions of curing {@q1}
 z - a potion of attraction {!q}

Dungeon Overview and Level Annotations

Branches:
Dungeon (10/15)            Temple (0/1) D:5            Lair (0/6) D:8
    Orc: D:9-12

Altars:
Ashenzari
Dithmenos
Fedhas
Nemelex Xobeh
Ru
Vehumet
Wu Jian
Beogh

Shops:
D:2 :

Annotations:
D:6 1 runed translucent door, Crazy Yiuf
D:10 Nergalle

.... ......
#..#.######
######
#..#......#
......
#..#......#
......
#..#......#
...... .
#Z4#ยง.....#
......
#...#@Z#....#
......
#...o.Z.Z...#
...(..
#....hZ.....#
......
#..##########
####.. #..
#.. #. #.. #
#.. .....
.....


You could see Nergalle, a spectral orc (summoned), a spectral orc warrior
(summoned), 3 spectral orc knights, a friendly rust devil (summoned) and a
friendly warg (summoned).


Message History

๐Ÿ˜จ HP[+1] ๐Ÿ˜จ HP[+1] ๐Ÿ˜จ HP[+1]
Okay, then.
As you read the scroll of teleportation {@r4}, it crumbles to dust.
You feel strangely unstable. ๐Ÿ˜จ HP[+1] ๐Ÿ˜จ HP[+1] ๐Ÿ˜จ HP[+2] MP[+1]
You regained 2 hp, and now have 33/83 hp.
Your surroundings suddenly seem different. ๐Ÿ˜จ HP[+1]
(D) Dungeon (T) Temple (L) Lair
Where to? (Enter - D:9, ? - help) Sorry, I don't know how to get there.
You feel a little less agile now.
Nergalle is nearby! ๐Ÿ˜• HP[+42] MP[+4]
You regained 42 hp, and now have 76/83 hp.
Your mp is fully restored (13).
Casting: Call Canine Familiar (safe; 1% risk of failure)
Confirm with . or Enter, or press ? or * to list all spells.
Nergalle shouts! ๐Ÿ˜• HP[+1] MP[-3]
You lost 3 mp, and now have 10/13 mp.
Casting: Call Canine Familiar (safe; 1% risk of failure)
Confirm with . or Enter, or press ? or * to list all spells.
A beastly little devil appears in a puff of flame.
Nergalle casts a spell at you.
The bolt of negative energy misses you. ๐Ÿ˜• HP[+1] MP[-2]
You lost 2 mp, and now have 8/13 mp.
Unknown command.
Casting: Call Imp (safe; 1% risk of failure)
Confirm with . or Enter, or press ? or * to list all spells.
A beastly little devil appears in a puff of frigid air.
Your crimson imp disappears in a puff of smoke!
Nergalle says, "THAT's why.
How awful.
You!"
Nergalle points at you and mumbles some strange words.
Orcish apparitions take form around you. ๐Ÿ˜• HP[+1] MP[-2]
You lost 2 mp, and now have 6/13 mp.
Unknown command. ๐Ÿ˜• HP[+1]
Your warg misses Nergalle.
Your warg closely misses Nergalle. ๐Ÿ˜• HP[+1]
Your muscles tense, ready for explosive movement...
You hit Nergalle. Nergalle casts a spell at you.
Orcish apparitions take form around you.
Your white imp barely misses Nergalle.
Your warg bites Nergalle but does no damage.
The spectral orc knight hits you with a +0 war axe!
The spectral orc knight hits your white imp with a +0 war axe.
Your white imp hits the spectral orc knight.
Your white imp freezes the spectral orc knight.
The spectral orc knight resists.
You block Nergalle's attack. ๐Ÿ˜• HP[-12]
You take 12 damage, and now have 69/83 hp.
You completely miss Nergalle.
Your warg barely misses Nergalle.
The spectral orc knight hits you with a +0 war axe!
You feel drained.
The spectral orc knight hits your white imp with a +0 war axe!
Your white imp dies!
Your white imp disappears in a puff of smoke!
The spectral orc barely misses you. Nergalle barely misses you.
Your warg bites Nergalle. ๐Ÿ˜ฎ HP[-20] MP[+1]
You now have 80 max hp (-3).
You take 20 damage, and now have 49/80 hp.
MASSIVE DAMAGE!! (PAUSE)
Okay, then.
Okay, then.
You feel mightier all of a sudden.
Your warg closely misses Nergalle.
The spectral orc knight hits you with a +3 war axe!!
* * * LOW HITPOINT WARNING * * *
A demonic guardian appears!
You focus on the pain.
You feel your power returning.
The spectral orc knight hits your warg with a +3 war axe!
The spectral orc knight hits you with a +0 war axe!
* * * LOW HITPOINT WARNING * * *
You feel drained.
* * * LOW HITPOINT WARNING * * *
The spectral orc knight hits your rust devil with a +0 war axe.
The spectral orc barely misses you.
Nergalle closely misses you. ๐Ÿ˜ฑ HP[-34] MP[+6]
You now have 77 max hp (-3).
You take 34 damage, and now have 15/77 hp.
MASSIVE DAMAGE!! (PAUSE)
Your mp is fully restored (13).
Okay, then.
You feel better.
Your warg bites Nergalle!
The spectral orc knight hits you with a +3 war axe!
* * * LOW HITPOINT WARNING * * *
You feel drained.
* * * LOW HITPOINT WARNING * * *
The spectral orc knight hits your warg with a +3 war axe!
The spectral orc knight hits you with a +0 war axe!
You die...

Skill      XL: |  1  2  3  4  5  6  7  8  9 |
---------------+----------------------------+-----
Fighting       | 2 3 4 5 7 9 11 | 11.7
Summonings     | 6 8 10 | 10.9
Maces & Flails | |  0.6
Dodging        | |  1.7
Stealth        | |  1.7
Spellcasting   | |  2.0

Action                   |  1- 3 |  4- 6 |  7- 9 | 10-12 || total
-------------------------+-------+-------+-------+-------++-------
Melee: Short sword       |    68 |       |       |       ||    68
       Whip              |    21 |   123 |   147 |   109 ||   400
       Punch             |     1 |     1 |     3 |     1 ||     6
 Cast: Summon Small Mamm |    16 |     1 |     3 |     3 ||    23
       Call Imp          |     5 |     5 |    10 |     9 ||    29
       Call Canine Famil |       |     5 |    14 |     9 ||    28
Invok: Lunge             |       |     8 |    10 |     6 ||    24
       Whirlwind         |       |     4 |       |       ||     4
       Serpent's Lash    |       |       |       |     1 ||     1
Evoke: Wand              |       |       |     2 |       ||     2
  Use: Scroll            |     5 |     3 |     5 |     3 ||    16
       Potion            |       |     5 |     3 |     5 ||    13
 Stab: Sleeping          |       |     7 |     1 |       ||     8
       Distracted        |       |       |       |     1 ||     1
Armor: Robe              |    27 |    41 |    26 |     8 ||   102
       Steam dragon scal |       |       |       |    18 ||    18
Dodge: Dodged            |    60 |    90 |    84 |    98 ||   332
Block: Other             |    18 |    28 |    36 |    27 ||   109

Levels and vault maps discovered:
D:1:      minmay_arrival_jagged, layout_basic, minmay_tetromino_i2
D:2:      layout_loops_ring, shapermc_ecumenical_altar_notcrosses, serial_shops,
          nicolae_shop_waterfront, serial_bayou_pond_a, minmay_misc_feat_cross,
          uniq_natasha
D:3:      layout_loops_ring
D:4:      layout_rooms, minmay_quantized
D:5:      layout_loops_corners, mainiacjoe_overflow_six_doors_small,
          mainiacjoe_overflow_cross_hatched, mainiacjoe_overflow_catch_the_wave,
          minmay_temple_entry_fiery, dk_noncrumbling_3, uniq_pikel
D:6:      cheibrodos_fertilizer, layout_loops_ring, minmay_misc_feat_chi,
          uniq_crazy_yiuf_cottage, uniq_sigmund
D:8:      layout_basic, grunt_dithmenos_shadows,
          mainiacjoe_overflow_small_starburst, lair_entry_dummy, special_room
          [special_room_orc], minmay_manual_mares
D:9:      layout_gridville, special_room [special_room_orc],
          lightli_corner_chamber
D:10:     layout_grid_maze, uniq_nergalle

Notes
Turn   | Place    | Note
-------+----------+-------------------------------------------
     0 | D:1      | spaghetti the Demonspawn Summoner began the quest for the
                  | Orb.
     0 | D:1      | Reached XP level 1. HP: 13/13 MP: 3/3
     0 | D:1      | magus.rc [v1.9.6]
   312 | D:1      | HP: 3/14 [hobgoblin (3)]
   315 | D:1      | Reached skill level 1 in Fighting
   333 | D:1      | HP: 2/15 [jackal (2)]
   347 | D:2      | HP: 2/15 [quokka (1)]
   352 | D:2      | Reached skill level 2 in Fighting
   352 | D:2      | Gained mutation: You are partially covered in large bone
                  | plates. (SH +4) [demonic ancestry]
   352 | D:2      | Reached XP level 2. HP: 4/22 MP: 0/5
   761 | D:1      | Learned a level 2 spell: Call Imp
   776 | D:1      | Gained mutation: You have sharp fingernails. [demonic
                  | ancestry]
   776 | D:1      | Reached XP level 3. HP: 28/28 MP: 2/6
  1239 | D:1      | Reached skill level 3 in Fighting
  1603 | D:2      | HP: 7/29 [poisoned by an adder]
  2251 | D:2      | Gained mutation: You have very sharp fingernails. [demonic
                  | ancestry]
  2251 | D:2      | Reached XP level 4. HP: 33/35 MP: 7/7
  2302 | D:2      | Noticed Natasha
  2307 | D:2      | Killed Natasha
  2447 | D:2      | Reached skill level 4 in Fighting
  2502 | D:2      | Found Kaosyet's Book Emporium.
  2593 | D:2      | Learned a level 3 spell: Call Canine Familiar
  2596 | D:2      | Noticed Natasha
  2605 | D:2      | Killed Natasha
  2612 | D:2      | Noticed Natasha
  2625 | D:2      | HP: 8/38 [white imp[Natasha] (3)]
  2626 | D:2      | HP: 1/38 [Natasha (7)]
  2630 | D:2      | Killed Natasha
  2631 | D:2      | Gained mutation: You sometimes gain a little power by
                  | taking damage. [demonic ancestry]
  2631 | D:2      | Reached XP level 5. HP: 30/43 MP: 0/8
  2777 | D:2      | Found a faded altar of an unknown god.
  2788 | D:2      | Prayed at the altar of an unknown god.
  2788 | D:2      | Became a worshipper of the Wu Jian Council
  2788 | D:2      | Reached * piety under Wu Jian
  3373 | D:3      | Reached skill level 5 in Fighting
  3508 | D:3      | Reached ** piety under Wu Jian
  3511 | D:3      | You pick up a book of Necromancy and begin reading...
  3511 | D:3      | You add the spells Pain, Animate Skeleton and Vampiric
                  | Draining to your library.
  3915 | D:4      | Noticed an ogre
  3923 | D:4      | Killed an ogre
  3924 | D:4      | Gained mutation: A weak demonic guardian rushes to your
                  | aid. [demonic ancestry]
  3924 | D:4      | Reached XP level 6. HP: 52/52 MP: 9/9
  4165 | D:4      | Reached skill level 6 in Fighting
  4561 | D:5      | Entered Level 5 of the Dungeon
  4561 | D:5      | Noticed a two-headed ogre
  4561 | D:5      | Found a radiant altar of Vehumet.
  4566 | D:5      | Gained mutation: You are robust. (+10% HP) [potion of
                  | mutation]
  4566 | D:5      | Gained mutation: You are agile. (Dex +2) [potion of
                  | mutation]
  4566 | D:5      | Lost mutation: You are agile. (Dex +2) [potion of mutation]
  4566 | D:5      | Gained mutation: Your spells are a little harder to cast,
                  | but a little more powerful. [potion of mutation]
  4577 | D:5      | HP: 6/57 [two-headed ogre/+0 giant club (17)]
  4578 | D:5      | Killed a two-headed ogre
  4579 | D:5      | Reached skill level 7 in Fighting
  4579 | D:5      | Reached skill level 6 in Summonings
  4579 | D:5      | Reached XP level 7. HP: 6/66 MP: 10/10
  4877 | D:5      | Reached XP level 8. HP: 74/74 MP: 11/11
  4988 | D:5      | You pick up a book of Flames and begin reading...
  4988 | D:5      | You add the spells Foxfire, Conjure Flame, Inner Flame and
                  | Flame Wave to your library.
  5055 | D:5      | Found a sacrificial altar of Ru.
  5069 | D:5      | Reached skill level 8 in Fighting
  5160 | D:5      | Found a blossoming altar of Fedhas.
  5425 | D:5      | Found a staircase to the Ecumenical Temple.
  5425 | D:5      | Noticed Pikel
  5459 | D:5      | HP: 16/74 [Pikel/+2 whip of flaming (8)]
  5461 | D:5      | Killed Pikel
  5462 | D:5      | Reached skill level 9 in Fighting
  5462 | D:5      | Reached skill level 7 in Summonings
  5848 | D:5      | Found a sparkling altar of Nemelex Xobeh.
  6560 | D:6      | Reached skill level 8 in Summonings
  6758 | D:6      | Reached XP level 9. HP: 67/83 MP: 12/12
  7198 | D:6      | Found a runed translucent door.
  7199 | D:6      | Noticed Crazy Yiuf
  7461 | D:6      | Reached skill level 10 in Fighting
  7461 | D:6      | Reached skill level 9 in Summonings
  7475 | D:6      | Reached *** piety under Wu Jian
  7874 | D:6      | You fall into a shaft and drop 2 floors!
  8072 | D:8      | Found a broken altar of Ashenzari.
  8175 | D:8      | Reached skill level 10 in Summonings
  8223 | D:8      | Found a shadowy altar of Dithmenos.
  8261 | D:8      | Reached skill level 11 in Fighting
  8261 | D:8      | Reached XP level 10. HP: 90/95 MP: 13/13
  8351 | D:8      | Found a staircase to the Lair.
  8503 | D:8      | HP: 16/96 [orc priest/divine providence (14)]
  8694 | D:8      | Reached **** piety under Wu Jian
  9047 | D:9      | You pick up a book of Displacement and begin reading...
  9047 | D:9      | You add the spells Lesser Beckoning, Gell's Gravitas and
                  | Teleport Other to your library.
  9127 | D:9      | Noticed a four-headed hydra
  9128 | D:9      | Noticed a brown ugly thing
  9128 | D:9      | Noticed a two-headed ogre
  9417 | D:10     | Entered Level 10 of the Dungeon
  9660 | D:10     | Noticed a gargoyle
  9678 | D:10     | Killed a gargoyle
  9734 | D:10     | Noticed Nergalle
  9852 | D:10     | HP: 18/86 [spectral orc warrior/+0 short sword[Nergalle]
                  | (9)]
  9918 | D:10     | HP: 19/80 [spectral orc knight/+0 war axe[Nergalle] (11)]
  9919 | D:10     | HP: 8/77 [spectral orc knight/+3 war axe[Nergalle] (13)]
  9919 | D:10     | Slain by a spectral orc knight

Vanquished Creatures
  Pikel (D:5)
  A gargoyle (D:10)
  A wyvern (D:8)
  A steam dragon (D:9)
  A black bear (D:5)
  3 ogres
  2 centaurs (D:8)
  A phantom (D:6)
  3 kobold brigands (D:6)
  A wyvern zombie (D:8)
  4 wights (D:8)
  A centaur zombie (D:9)
  A bullfrog skeleton (D:5)
  2 orc wizards
  2 iguanas (D:6)
  Natasha (twice) (D:2)
  A hound skeleton (D:3)
  A howler monkey zombie (D:10)
  3 adders
  A gnoll (D:1)
  An ufetubus (D:4)
  A worm (D:2)
  A dart slug (D:4)
  18 orcs
  3 ball pythons
  9 endoplasms
  A giant cockroach (D:3)
  7 goblins
  5 hobgoblins
  6 jackals
  15 kobolds
  6 quokkas
  2 bats (D:3)
  5 frilled lizards
  2 rats
115 creatures vanquished.

Vanquished Creatures (collateral kills)
  A two-headed ogre (D:5)
  A wraith (D:10)
  6 yaks (D:6)
  A steam dragon (D:9)
  A water moccasin (D:6)
  3 orc warriors
  An ogre (D:8)
  2 centaurs
  A phantom (D:8)
  2 kobold brigands (D:6)
  A bullfrog (D:8)
  2 scorpions (D:5)
  2 wights (D:8)
  A centaur zombie (D:5)
  An orc priest (D:8)
  A gnoll shaman (D:6)
  3 orc wizards
  Natasha (D:2)
  3 gnolls (D:6)
  2 adders (D:2)
  19 orcs
  An endoplasm (D:3)
  A hobgoblin (D:1)
  2 jackals
  2 kobolds
  A quokka (D:1)
  A frilled lizard (D:1)
  2 rats (D:1)
65 creatures vanquished.

Vanquished Creatures (others)
  5 plants (D:2)
  8 toadstools (D:6)
13 creatures vanquished.

Grand Total: 193 creatures vanquished

Table legend:
 A = Non-vault XP
 B = Vault XP
 C = Vault XP percentage of total XP
 D = Non-vault monster count
 E = Vault monster count
 F = Vault count percentage of total count
                 A         B        C        D         E       F
            +---------+---------+-------+---------+---------+-------
      Total |    5641 |    2177 |  27.8 |     137 |      43 |  23.9
            +---------+---------+-------+---------+---------+-------
        D:1 |      40 |       2 |   4.8 |      16 |       2 |  11.1
        D:2 |     151 |      35 |  18.8 |      23 |       1 |   4.2
        D:3 |      65 |       0 |   0.0 |      26 |       0 |   0.0
        D:4 |     143 |      15 |   9.5 |       7 |       2 |  22.2
        D:5 |    1336 |     651 |  32.8 |      13 |       1 |   7.1
        D:6 |    1863 |     401 |  17.7 |      27 |       6 |  18.2
        D:8 |     840 |     937 |  52.7 |      11 |      28 |  71.8
        D:9 |     511 |     136 |  21.0 |       6 |       3 |  33.3
       D:10 |     692 |       0 |   0.0 |       8 |       0 |   0.0
            +---------+---------+-------+---------+---------+-------

Illustrated notes

Table legend:
 A = Kills in this place as a percentage of kills in entire the game.
 B = Kills by you in this place as a percentage of kills by you in the entire game.
 C = Kills by friends in this place as a percentage of kills by friends in the entire game.
 D = Other kills in this place as a percentage of other kills in the entire game.
 E = Experience gained in this place as a percentage of experience gained in the entire game.
 F = Experience gained in this place divided by the number of levels of this place that you have seen.
                   A       B       C       D       E      F
               +-------+-------+-------+-------+-------+----------------------
         Total | 100.0 | 100.0 | 100.0 |   N/A | 100.0 | 868.7
       Dungeon | 100.0 | 100.0 | 100.0 |   N/A | 100.0 | 868.7
               +-------+-------+-------+-------+-------+----------------------

Table legend: (Time is in decaauts)
 A = Elapsed time spent in this place.
 B = Non-inter-level travel time spent in this place.
 C = Inter-level travel time spent in this place.
 D = Time resting spent in this place.
 E = Time spent auto-exploring this place.
 F = Levels seen in this place.
 G = Mean time per level.
                   A        B        C        D        E       F      G
               +--------+--------+--------+--------+--------+-----+--------+
         Total |   9945 |   9862 |     83 |   2060 |   6143 |   9 | 1105.0 |
       Dungeon |   9945 |   9862 |     83 |   2060 |   6143 |   9 | 1105.0 |
               +--------+--------+--------+--------+--------+-----+--------+

Top non-repeatable levels by time:
     D:2: 1745 daAuts
     D:5: 1728 daAuts
     D:6: 1574 daAuts
     D:1: 1287 daAuts
     D:8: 1148 daAuts
     D:3: 893 daAuts
     D:4: 659 daAuts
    D:10: 508 daAuts
     D:9: 400 daAuts
